Map: Abyssal Reef LE

Players

Auni - Winner!

  • Race: Protoss Protoss
  • League: Diamond
  • Spawn Location: 11:00

Marzbar

  • Race: Zerg Zerg
  • League: Diamond
  • Spawn Location: 5:00

VOD

Have the link to the VOD?

Description

ZvP, Z v adept opening into immortal chargelot archon

Time

  • Played on: Nov. 18, 2017, 9:27 p.m.
  • Length: 14:34
Show
View Real Time Build Order
Export as new Build Order

Auni Protoss - Winner!

Build Orders: 1 Gate Expand, Double Forge 

Get SALT Encoding   

  12  0:03  Probe  
  13  0:15  Probe  
  14  0:25  Pylon  
  14  0:27  Probe  
  15  0:43  Probe (Chrono Boost)  
  15  0:48  Gateway  
  16  0:55  Probe (Chrono Boost)  
  17  1:02  Probe (Chrono Boost)  
  18  1:09  Assimilator  
  18  1:10  Probe  
  19  1:22  Probe  
  20  1:38  Nexus  
  20  1:46  Cybernetics Core  
  20  1:52  Probe (Chrono Boost)  
  21  1:56  Pylon  
  21  2:04  Probe (Chrono Boost)  
  21  2:08  Gateway  
  22  2:19  Forge  
  22  2:25  Forge  
  22  2:28  Adept  
  24  2:30  Warp Gate (Chrono Boost)  
  24  2:32  Probe  
  24  2:36  Assimilator  
  25  2:44  Probe  
  26  2:54  Probe  
  26  2:55  Adept  
  26  2:56  Probe  
  26  2:58  Adept  
  32  3:09  Probe  
  32  3:10  Probe  
  34  3:21  Probe  
  34  3:22  Probe  
  34  3:24  Pylon  
  36  3:28  Protoss Ground Weapons Level 1 (Chrono Boost)  
  36  3:36  Probe x2  
  36  3:38  Assimilator  
  38  3:48  Probe  
  39  3:49  Probe  
  40  3:57  Twilight Council  
  40  4:00  Probe, Pylon  
  40  4:01  Probe  
  38  4:26  Probe (Chrono Boost)  
  38  4:27  Probe (Chrono Boost), Resonating Glaives  
  40  4:32  Gateway x2  
  40  4:34  Robotics Facility  
  41  4:39  Probe (Chrono Boost)  
  41  4:41  Gateway  
  41  4:46  Probe x2  
  41  4:51  Pylon  
  43  4:53  Shield Battery  
  43  4:57  Adept  
  45  5:05  Probe x2  
  45  5:07  Assimilator  
  47  5:09  Protoss Ground Weapons Level 2 (Chrono Boost)  
  47  5:12  Sentry  
  49  5:20  Adept  
  51  5:26  Probe x2  
  53  5:29  Immortal  
  57  5:37  Sentry  
  57  5:38  Adept  
  57  5:39  Adept x2  
  65  6:00  Nexus  
  65  6:01  Pylon  
  65  6:03  Adept  
  65  6:04  Adept  
  69  6:08  Blink  
  69  6:15  Pylon  
  69  6:18  Warp Prism (Chrono Boost), Pylon  
  71  6:26  Photon Cannon  
  71  6:27  Adept x2  
  75  6:36  Adept  
  77  6:44  Probe x2  
  79  6:49  Gateway  
  79  6:51  Photon Cannon  
  79  6:52  Shield Battery  
  79  6:58  Observer  
  69  7:09  Stalker  
  69  7:11  Adept  
  72  7:17  Adept  
  72  7:18  Adept x2  
  78  7:25  Probe x3  
  81  7:30  Photon Cannon  
  81  7:34  Photon Cannon, Templar Archives  
  81  7:37  Probe  
  81  7:40  Gateway x2  
  81  7:42  Protoss Ground Armor Level 1  
  82  7:44  Adept  
  82  7:50  Adept  
  82  7:51  Adept  
  88  7:52  Sentry  
  88  7:54  Sentry  
  88  7:55  Sentry  
  94  8:05  Assimilator  
  94  8:07  Assimilator  
  94  8:12  Stalker x3  
  70  8:31  Immortal  
  70  8:32  Adept x2  
  70  8:33  Sentry  
  66  8:38  Psionic Storm  
  62  8:48  Robotics Facility  
  62  8:52  Probe x2 (Chrono Boost)  
  62  8:53  Probe (Chrono Boost)  
  68  9:04  Probe x3 (Chrono Boost)  
  68  9:09  Adept  
  70  9:10  Adept x4, Immortal  
  70  9:14  Sentry  
  70  9:15  Sentry x2  
  86  9:34  Charge  
  86  9:36  Photon Cannon, Probe  
  86  9:37  Probe x2  
  86  9:38  Protoss Ground Armor Level 2 (Chrono Boost)  
  89  9:48  Probe  
  89  9:49  Immortal  
  89  9:50  Adept x3  
  100  10:04  Immortal  
  100  10:07  High Templar x2  
  106  10:12  Pylon  
  108  10:15  Pylon  
  108  10:18  Pylon  
  108  10:25  Forge  
  108  10:31  Immortal  
  108  10:33  Adept x2  
  108  10:34  Adept x3  
  122  10:43  Zealot x2  
  122  10:44  Zealot  
  119  11:17  Zealot x3, Adept x3  
  131  11:28  Pylon  
  131  11:29  Observer  
  131  11:30  Pylon  
  131  11:32  Pylon  
  131  11:36  Immortal  
  133  11:42  Pylon  
  133  11:47  Immortal  
  129  11:55  Zealot x3  
  129  11:57  High Templar x3  
  129  11:58  High Templar  
  143  12:03  Archon  
  119  12:14  Zealot  
  119  12:15  Zealot x2  
  101  12:16  Zealot  
  101  12:17  Immortal  
  107  12:26  Immortal  
  107  12:31  Adept x2  
  107  12:32  Adept x2  
  113  12:41  High Templar x2  
  113  12:42  High Templar x2  
  119  12:45  Archon  
  119  12:46  Archon  
  119  12:57  Immortal  
  123  13:18  Zealot x4  
  123  13:19  Zealot  
  125  13:24  Zealot x2, Pylon  
  125  13:25  Nexus, Zealot, Pylon  
  119  13:46  High Templar x2  
  119  13:47  High Templar x4  
  131  13:53  Archon x2  
  131  13:54  Archon  
  105  14:13  Zealot x2  
  100  14:17  Probe x2  
  100  14:18  Probe  
  100  14:21  Zealot x3  
  100  14:22  Zealot x3  
Show
View Real Time Build Order
Export as new Build Order

Marzbar Zerg 

Build Orders: Hatch First 

Get SALT Encoding   

  12  0:01  Drone  
  13  0:13  Overlord  
  13  0:19  Drone  
  14  0:31  Drone x2  
  16  0:44  Drone  
  17  0:54  Hatchery  
  16  0:57  Drone  
  17  1:06  Extractor, Drone  
  17  1:19  Spawning Pool  
  16  1:29  Drone  
  17  1:40  Drone  
  17  1:41  Overlord, Drone  
  19  2:07  Queen x2  
  19  2:08  Zergling x2  
  24  2:10  Zergling x2  
  24  2:15  Metabolic Boost  
  25  2:21  Drone  
  25  2:22  Drone  
  27  2:26  Drone  
  27  2:29  Drone  
  29  2:32  Drone  
  30  2:48  Queen  
  32  2:53  Overlord  
  32  3:02  Hatchery  
  30  3:16  Zergling x2  
  30  3:18  Drone  
  30  3:19  Drone  
  33  3:20  Drone x4  
  33  3:23  Drone  
  38  3:27  Overlord  
  38  3:48  Roach Warren  
  37  3:50  Baneling Nest  
  37  3:51  Drone x4  
  37  3:52  Zergling x6  
  41  4:19  Zergling x6  
  41  4:21  Overlord x2, Drone  
  41  4:22  Drone x7  
  50  4:27  Queen  
  52  4:31  Lair  
  52  4:35  Zergling x4  
  54  4:45  Drone x3  
  55  4:46  Drone  
  55  4:49  Drone  
  59  4:57  Evolution Chamber x2  
  59  4:58  Drone  
  59  4:59  Drone x2  
  60  5:06  Overlord  
  56  5:21  Roach  
  56  5:22  Roach x3  
  56  5:24  Zergling x8  
  56  5:25  Overlord x3  
  67  5:30  Extractor x2, Drone  
  67  5:32  Extractor  
  65  5:44  Overlord x2  
  65  5:45  Overlord  
  65  5:46  Drone  
  65  5:47  Drone x5  
  71  5:51  Glial Reconstitution  
  70  6:09  Baneling  
  70  6:10  Baneling x3  
  71  6:11  Zergling x4  
  71  6:12  Overlord x2, Zergling x12  
  78  6:19  Roach  
  78  6:20  Roach x3  
  86  6:31  Baneling  
  86  6:32  Baneling x3  
  86  6:33  Baneling  
  86  6:45  Drone x4  
  86  6:46  Overlord, Drone x3  
  86  6:47  Drone  
  94  6:49  Zerg Ground Armor Level 1  
  89  7:07  Zergling x2  
  89  7:08  Roach, Zergling x8  
  86  7:09  Roach  
  91  7:20  Extractor  
  91  7:21  Extractor  
  88  7:25  Hydralisk Den  
  88  7:26  Roach x8  
  88  7:27  Roach x2  
  107  7:31  Baneling  
  107  7:32  Baneling x2  
  107  7:33  Zergling x4  
  109  7:39  Hatchery  
  109  7:40  Zergling x4  
  110  7:44  Zerg Missile Weapons Level 1  
  110  7:45  Zergling x2  
  110  7:46  Zergling x2  
  112  7:54  Zergling x14  
  112  7:57  Baneling x2  
  112  7:58  Baneling x6  
  119  8:01  Hydralisk  
  99  8:30  Hydralisk  
  99  8:31  Hydralisk x9  
  113  8:41  Zergling x4  
  113  8:43  Overlord x3  
  113  8:45  Hatchery  
  113  8:47  Overseer  
  113  8:49  Overseer  
  113  8:53  Zerg Ground Armor Level 2  
  113  9:02  Drone x3  
  116  9:03  Drone x4  
  116  9:08  Drone  
  116  9:09  Drone x2  
  123  9:14  Overseer  
  120  9:28  Hydralisk  
  120  9:29  Hydralisk x6  
  132  9:35  Drone x3  
  135  9:42  Hydralisk x3  
  133  10:00  Queen x2  
  133  10:04  Drone  
  133  10:05  Drone x8  
  133  10:07  Zerg Missile Weapons Level 2  
  146  10:12  Infestation Pit  
  145  10:17  Drone  
  145  10:18  Drone x3  
  149  10:35  Overlord x4  
  149  10:49  Burrow, Extractor  
  148  10:50  Extractor  
  148  10:51  Spore Crawler  
  118  11:16  Muscular Augments  
  118  11:17  Hive  
  105  11:27  Hydralisk x3  
  105  11:28  Roach x4, Hydralisk x8  
  105  11:29  Roach x7, Hydralisk x4  
  105  11:30  Roach, Zergling x2  
  157  11:38  Spine Crawler  
  156  11:40  Spine Crawler  
  156  11:41  Spine Crawler  
  150  11:51  Drone  
  150  11:52  Drone x11  
  162  12:00  Hydralisk x2  
  161  12:01  Roach x2  
  135  12:10  Hydralisk  
  135  12:11  Roach x2  
  135  12:15  Queen  
  119  12:21  Hydralisk x4  
  109  12:27  Zergling x2  
  109  12:28  Zergling x4  
  111  12:34  Hydralisk x2  
  111  12:35  Hydralisk x2  
  102  12:45  Zergling x10  
  102  12:47  Baneling  
  102  12:48  Baneling x5  
  105  12:53  Hydralisk  
  105  12:54  Hydralisk x4  
  115  13:11  Hydralisk  
  115  13:12  Hydralisk x2  
  121  13:19  Hatchery  
  98  13:27  Hatchery  
  98  13:32  Roach, Hydralisk x5  
  98  13:33  Roach  
  100  13:40  Hydralisk  
  100  13:41  Hydralisk x4  
  90  13:45  Infestor  
  90  13:46  Infestor  
Tags
 
Add a new tag
Caveats
  • Supply blocks, unpowered buildings, or Contaminate may cause inaccurate times.
  • Supply counts are checked every 10 seconds.